 Dungeon Crawl Stone Soup version 0.25-a0-697-g890751e744 (webtiles) character file.

Game seed: 16689397917572943837, levelgen mode: deterministic

10078 kae the Grappler (level 11, -3/69 HPs)
             Began as a Red Draconian Transmuter on Mar 31, 2020.
             Was a Believer of Hepliaklqana.
             Slain by an anaconda (shapeshifter) (5 damage)
             ... on level 9 of the Dungeon on Apr 1, 2020.
             The game lasted 00:11:05 (12047 turns).

kae the Grappler (Red Draconian Transmuter)        Turns: 12047, Time: 00:11:05

Health: -3/69      AC:  9    Str: 13    XL:     11   Next: 31%
Magic:  12/23      EV:  9    Int: 16    God:    Hepliaklqana [**....]
Gold:   472        SH:  0    Dex: 12    Spells: 11/26 levels left

rFire    + . .     SeeInvis .     - Unarmed
rCold    . . .     Gourm    .   (shield currently unavailable)
rNeg     . . .     Faith    .   (armour unavailable)
rPois    .         Spirit   .   (helmet restricted)
rElec    .         Reflect  .   y - +1 cloak
rCorr    .         Harm     .   (gloves currently unavailable)
MR       .....                  (no boots)
Stlth    +.........             (no amulet)
HPRegen  0.21/turn              d - ring of stealth
MPRegen  0.18/turn              x - ring of attention (curse)

@: blade hands, very slightly contaminated, constricted
A: breathe fire, unfitting armour, reduced essence, fire resistance 1,
cold-blooded, AC +7
a: Breathe Fire, End Transformation, Recall Ancestor, Ancestor Identity,
Renounce Religion


You were on level 9 of the Dungeon.
You worshipped Hepliaklqana.
Hepliaklqana was pleased with you.
You were very hungry.
You had blades for hands.
You visited 2 branches of the dungeon, and saw 10 of its levels.
You also visited: Ossuary.

You collected 472 gold pieces.

Inventory:

Missiles
 a - 225 arrows
Armour
 m - a +0 pair of gloves (melded)
 y - a +1 cloak (worn)
Jewellery
 d - a ring of stealth (left scythe-like blade)
 h - an uncursed ring of resist corrosion
 x - a cursed ring of attention (right scythe-like blade)
 z - an uncursed ring of ice {unknown}
 C - an uncursed ring of flight
Wands
 k - a wand of polymorph (5)
 t - a wand of digging (8)
 w - a wand of flame (40)
 A - a wand of paralysis (7)
Scrolls
 e - 6 scrolls of identify
 o - 2 scrolls of teleportation
 p - 2 scrolls of enchant weapon
 q - 3 scrolls of magic mapping
 r - a scroll of fog
 u - 2 scrolls of blinking
 B - 3 scrolls of remove curse
Potions
 b - 2 potions of magic
 f - 4 potions of mutation
 g - 7 potions of curing
 i - 2 potions of might
 j - 5 potions of stabbing
 l - a potion of heal wounds
 n - 2 potions of brilliance
 s - a potion of berserk rage
 v - 2 potions of lignification
 E - a potion of resistance {unknown}
 F - a potion of degeneration {unknown}
Comestibles
 c - 7 rations
 D - 5 chunks of flesh


   Skills:
 - Level 1.1 Fighting
 - Level 1.7 Dodging
 * Level 12.5 Unarmed Combat
 + Level 8.4 Spellcasting
 + Level 9.1 Transmutations
 - Level 2.1 Ice Magic


You had 11 spell levels left.
You knew the following spells:

 Your Spells              Type           Power        Failure   Level  Hunger
a - Beastly Appendage     Tmut           #####.       10%         1    None
b - Sticks to Snakes      Tmut           #####...     11%         2    None
c - Spider Form           Tmut/Pois      ###.......   32%         3    #......
d - Ice Form              Ice/Tmut       ###.....     47%         4    ###....
e - Blade Hands           Tmut           #####.....   38%         5    #####..

Your spell library contained the following spells:

 Spells                   Type           Power        Failure   Level  Hunger
 Animate Skeleton         Necr           N/A          47%         1    None
 Foxfire                  Conj/Fire      #...         47%         1    None
 Infusion                 Chrm           #...         47%         1    None
 Pain                     Necr           #...         47%         1    None
 Shroud of Golubria       Chrm/Tloc      #.....       56%         2    None
 Song of Slaying          Chrm           #.......     56%         2    None
 Ozocubu's Armour         Chrm/Ice       ##......     65%         3    #......
 Conjure Flame            Conj/Fire      #.......     75%         3    #......
 Inner Flame              Hex/Fire       #.......     75%         3    #......
 Spectral Weapon          Hex/Chrm       #.......     75%         3    #......
 Vampiric Draining        Necr           #.........   75%         3    #......
 Animate Dead             Necr           N/A          96%         4    ###....
 Leda's Liquefaction      Hex/Erth       #.........   96%         4    ###....
 Sticky Flame             Conj/Fire      #.......     96%         4    ###....
 Statue Form              Tmut/Erth      ###......    99%         6    ######.
 Agony                    Necr           #.......     100%        5    #####..
 Bolt of Magma            Conj/Fire/Erth #.........   100%        5    #####..
 Fireball                 Conj/Fire      #.........   100%        5    #####..
 Iron Shot                Conj/Erth      #.........   100%        6    ######.
 Shatter                  Erth           #.........   100%        9    #######


Dungeon Overview and Level Annotations

Branches:
Dungeon (9/15)             Temple (1/1) D:6         Ossuary (visited)
   Lair: D:8-11         Orc: D:9-12

Altars:
Ashenzari
Cheibriados
Dithmenos
Elyvilon
Fedhas
Gozag
Hepliaklqana
Kikubaaqudgha
Makhleb
Nemelex Xobeh
Okawaru
Qazlal
Ru
Sif Muna
Trog
Uskayaw
Vehumet
Wu Jian
Xom
Zin
The Shining One

Shops:
D:5 }   D:7 (

Annotations:
D:5 1 runed translucent door, Uhlv's ghost, novice MiAr
D:9 1 runed translucent door


Innate Abilities, Weirdness & Mutations

You can breathe blasts of fire.
Your fiery red scales are hard. (AC +7)
You cannot fit into any form of body armour.
Your flesh is heat resistant. (rF+)
You are cold-blooded and may be slowed by cold attacks.
Your life essence is reduced to manifest your ancestor. (-10% HP)


Message History

The anaconda constricts you.
The jelly jiggles.
You slash the anaconda!
The anaconda is severely wounded.
The anaconda bites you but does no damage.
* * * LOW HITPOINT WARNING * * *
The anaconda constricts you. The anaconda barely misses you.
* * * LOW HITPOINT WARNING * * *
The anaconda constricts you.
You hit the anaconda.
The anaconda is severely wounded.
The anaconda bites you!
* * * LOW HITPOINT WARNING * * *
x2 The anaconda constricts you.
You hit the anaconda.
You tail-slap the anaconda, but do no damage.
The anaconda is severely wounded.
You have got your breath back.
The anaconda bites you.
You die...

#...<......#.....>........)...#..
#..........#..................#..
#..........#..................#..
#..........#......)(....#####.#..
#...>......#..........###. #.#..
#..........#........#####. #.#..
#..........#......######.. #)#..
#..........#...#######.≈.| #)#..
#.#..#####...###@S{J.≈.# #)#..
..#........###..######).[. #))..
..#......###....########|) #....
..#....###....#.#..######. #....
....####...#.#..#.#..####. #....
....# ..#.#.#.#.###..### #....
..#.# ...#.#..#.÷.###..####....
###.# ####....#.#.#...###..##....
....# ..####....#.#...(.###.#....


You could see an anaconda and a jelly.

Vanquished Creatures
  A two-headed ogre (D:9)
  A centaur warrior (D:9)
  Pikel (D:7)
  Psyche (D:8)
  Maggie (D:7)
  4 trolls (D:9)
  A hornet (D:7)
  2 wyverns (D:9)
  8 yaks (D:9)
  Eustachio (D:5)
  Edmund (D:4)
  4 orc warriors
  2 ice beasts
  3 ogres
  2 phantoms
  3 centaurs
  Blork the orc (D:5)
  4 bullfrogs
  A wyvern skeleton (D:9)
  5 scorpions
  8 killer bees
  A howler monkey (D:6)
  5 wights
  3 centaur zombies (Ossuary)
  4 jellies
  A quasit (D:8)
  3 hounds
  3 human zombies (Ossuary)
  3 crimson imps
  5 orc priests
  10 orc wizards
  Terence (D:3)
  7 worker ants
  2 iguanas
  4 big kobold zombies (Ossuary)
  A hound skeleton (D:4)
  3 mummies (Ossuary)
  4 gnolls (D:3)
  3 scorpion zombies (Ossuary)
  10 adders
  A shadow imp (D:9)
  An ooze (D:3)
  A worm (D:3)
  An adder zombie (D:9)
  4 dart slugs
  2 leopard geckos (D:2)
  37 orcs
  3 giant cockroaches
  5 goblins
  9 hobgoblins
  11 jackals
  3 quokkas
  2 ball pythons
  7 bats
  7 frilled lizards
  3 goblin zombies (Ossuary)
  7 kobolds
  2 kobold zombies (Ossuary)
  A leopard gecko skeleton (D:4)
  2 orc zombies (Ossuary)
  A quokka skeleton (D:7)
  4 rats
242 creatures vanquished.

Vanquished Creatures (collateral kills)
  A two-headed ogre (D:9)
  A troll (D:9)
  A bullfrog (D:8)
  A quasit (D:7)
  An iguana (D:8)
  A killer bee zombie (D:9)
  2 adders
  2 jackals (D:2)
10 creatures vanquished.

Vanquished Creatures (others)
  3 slaves (D:7)
  A centaur (D:7)
  A bullfrog (D:7)
  A killer bee (D:7)
  3 wights (D:7)
  A hound (D:7)
  A hexer (D:9)
  4 ancestors
  2 withered plants (D:5)
17 creatures vanquished.

Grand Total: 269 creatures vanquished

Notes
Turn   | Place    | Note
-------+----------+-------------------------------------------
     0 | D:1      | kae the Draconian Transmuter began the quest for the Orb.
     0 | D:1      | Reached XP level 1. HP: 16/16 MP: 3/3
   293 | D:1      | Reached XP level 2. HP: 18/23 MP: 3/5
   353 | D:1      | Learned a level 2 spell: Sticks to Snakes
  1105 | D:2      | Reached XP level 3. HP: 28/28 MP: 1/6
  1145 | D:2      | Learned a level 3 spell: Spider Form
  1338 | D:2      | Found a sacrificial altar of Ru,
  1354 | D:2      | Reached skill level 4 in Unarmed Combat
  1354 | D:2      | Reached XP level 4. HP: 27/35 MP: 7/7
  1711 | D:2      | Found a shimmering altar of Xom,
  1950 | D:3      | Reached XP level 5. HP: 27/40 MP: 9/9
  2223 | D:3      | Reached skill level 5 in Unarmed Combat
  2545 | D:3      | Noticed Terence
  2594 | D:3      | Killed Terence
  2701 | D:3      | Reached XP level 6. HP: 45/47 MP: 9/11
  3140 | D:4      | Noticed an orc warrior
  3495 | D:4      | Learned a level 4 spell: Ice Form
  3689 | D:4      | Noticed Edmund
  3713 | D:4      | Killed Edmund
  3713 | D:4      | Reached skill level 6 in Unarmed Combat
  3713 | D:4      | Your scales start taking on a fiery red colour.
  3713 | D:4      | Reached XP level 7. HP: 16/52 MP: 5/12
  3713 | D:4      | Gained mutation: Your flesh is heat resistant. (rF+) [Red
                  | Draconian growth]
  4866 | D:5      | Entered Level 5 of the Dungeon
  4911 | D:5      | Reached skill level 7 in Unarmed Combat
  5013 | D:5      | Found a runed translucent door,
  5013 | D:5      | Noticed Uhlv's ghost (novice MiAr)
  5020 | D:5      | Noticed Eustachio
  5046 | D:5      | Killed Eustachio
  5046 | D:5      | Reached skill level 5 in Transmutations
  5046 | D:5      | Reached XP level 8. HP: 39/59 MP: 9/14
  5100 | D:5      | Found a sand-covered staircase,
  5131 | D:5      | HP: 1/59 [ogre/+0 giant club (18)]
  5163 | Ossuary  | Entered an ossuary
  5643 | Ossuary  | Reached skill level 5 in Spellcasting
  5832 | Ossuary  | Reached skill level 8 in Unarmed Combat
  6797 | D:5      | Noticed Blork the orc
  6825 | D:5      | Killed Blork the orc
  7062 | D:5      | Found a glowing silver altar of Zin,
  7266 | D:5      | Found Puecsef's Gadget Boutique,
  7297 | D:5      | Found a sparkling altar of Nemelex Xobeh,
  7467 | D:6      | Found a staircase to the Ecumenical Temple,
  7506 | Temple   | Entered the Ecumenical Temple
  7667 | Temple   | Became a worshipper of Hepliaklqana the Forgotten
  7712 | D:6      | Reached skill level 9 in Unarmed Combat
  7712 | D:6      | Reached XP level 9. HP: 42/57 MP: 15/17
  8218 | D:7      | Found Unkuni Vucw's Antique Weapon Shoppe,
  8218 | D:7      | Noticed Pikel
  8235 | D:7      | Killed Pikel
  8409 | D:7      | Noticed Maggie
  8420 | D:7      | Killed Maggie
  8420 | D:7      | Reached skill level 10 in Unarmed Combat
  8996 | D:7      | Reached * piety under Hepliaklqana
  9090 | D:7      | Found an ancient bone altar of Kikubaaqudgha,
  9090 | D:7      | Found a shattered altar of Ashenzari,
  9209 | D:7      | Reached XP level 10. HP: 37/63 MP: 13/20
  9376 | D:7      | Learned a level 5 spell: Blade Hands
  9550 | D:8      | Noticed Psyche
  9560 | D:8      | Killed Psyche
  9635 | D:8      | Reached skill level 1 in Ice Magic
 10506 | D:9      | Reached skill level 11 in Unarmed Combat
 10874 | D:9      | Noticed a two-headed ogre
 10884 | D:9      | Killed a two-headed ogre
 11211 | D:9      | Reached ** piety under Hepliaklqana
 11212 | D:9      | Remembered your ancestor Thamphthis as a hexer
 11491 | D:9      | Noticed a two-headed ogre
 11502 | D:9      | Killed a two-headed ogre
 11502 | D:9      | Reached skill level 12 in Unarmed Combat
 11502 | D:9      | Reached XP level 11. HP: 69/69 MP: 21/23
 11931 | D:9      | Found a runed translucent door,
 12018 | D:9      | Noticed a centaur warrior
 12020 | D:9      | Found the +7 great mace "Undeadhunter" {disrupt, rN+}
 12020 | D:9      | Noticed an anaconda
 12025 | D:9      | Killed a centaur warrior
 12046 | D:9      | HP: 3/69 [anaconda (shapeshifter) (9)]
 12047 | D:9      | Slain by an anaconda (shapeshifter)

Levels and vault maps discovered:
D:1:      evilmike_arrival_home_sweet_home, layout_loops_corners, st_stairs_5,
          minmay_misc_feat_x
D:2:      layout_rooms, nicolae_ru_great_annihilating_truth,
          nicolae_overflow_crystal_walls, chequers_avenue, minivault_25,
          nrook_mini_backslash, minmay_door_square
D:3:      layout_rooms, first_ration, uniq_terence
D:4:      layout_basic, guppyfry_early_orc_mine, uniq_edmund
D:5:      layout_basic, lemuel_coloured_pillars_altar, serial_shops,
          nicolae_shop_behind_doors, gammafunk_ghost_grave,
          nicolae_ossuary_entry_ruins, solitary_fountain,
          nemelex_lonely_heart_becter, uniq_eustachio, uniq_blork_the_orc
D:6:      layout_basic, minmay_temple_entry_overgrown,
          hangedman_decor_peaks_small
D:7:      layout_loops_cross, amethyst_overflow_temple_binary, serial_shops,
          shop, uniq_maggie, uniq_pikel
D:8:      layout_basic, uniq_psyche
D:9:      minmay_the_grid_triangle_9x9_rhombus_full
          [minmay_the_grid_triangle_9x9_steps,
          minmay_the_grid_triangle_9x9_subtriangle,
          minmay_the_grid_triangle_9x9_zippers_vertical,
          minmay_the_grid_triangle_9x9_warning,
          minmay_the_grid_triangle_9x9_skeleton,
          minmay_the_grid_triangle_9x9_limited_checkers,
          minmay_the_grid_triangle_9x9_cache,
          minmay_the_grid_triangle_9x9_prize_insulated], layout_grid_maze,
          kennysheep_little_box
Temple:   eino_temple_rhombus

Skill      XL: |  1  2  3  4  5  6  7  8  9 10 11 |
---------------+----------------------------------+-----
Unarmed Combat | 4 5 6 7 9 10 12 | 12.5
Transmutations | 3 4 5 6 7 8 9 |  9.1
Spellcasting   | 3 4 5 6 8 |  8.4
Ice Magic      | 2 |  2.1
Fighting       | |  1.1
Dodging        | |  1.7

Action                   |  1- 3 |  4- 6 |  7- 9 | 10-12 || total
-------------------------+-------+-------+-------+-------++-------
Melee: Unarmed           |   120 |   192 |   341 |   212 ||   865
       Tailslap          |     9 |     9 |    16 |     5 ||    39
       Kick              |     6 |     4 |     5 |     2 ||    17
       Punch             |     3 |     2 |     1 |       ||     6
       Headbutt          |     3 |     5 |     6 |       ||    14
 Cast: Beastly Appendage |    14 |    15 |     5 |     3 ||    37
       Sticks to Snakes  |     1 |     2 |       |       ||     3
       Spider Form       |       |    12 |    16 |     3 ||    31
       Ice Form          |       |     2 |    11 |    10 ||    23
       Blade Hands       |       |       |       |     8 ||     8
Invok: Ancestor Life: He |       |       |       |     1 ||     1
 Abil: Breathe Fire      |       |       |     3 |     2 ||     5
       End Transformatio |       |       |       |     1 ||     1
  Use: Scroll            |       |    11 |     8 |     2 ||    21
       Potion            |       |       |     1 |     1 ||     2
 Stab: Distracted        |     1 |       |       |     2 ||     3
       Sleeping          |       |     2 |     1 |       ||     3
       Paralysed         |       |     1 |       |       ||     1
  Eat: Chunk             |     1 |     7 |    13 |    11 ||    32
       Ration            |       |     1 |     3 |       ||     4
Armor: Skin              |    38 |    38 |    51 |    39 ||   166
Dodge: Dodged            |   109 |    91 |   201 |   136 ||   537

Table legend:
 A = Non-vault XP
 B = Vault XP
 C = Vault XP percentage of total XP
 D = Non-vault monster count
 E = Vault monster count
 F = Vault count percentage of total count
                 A         B        C        D         E       F
            +---------+---------+-------+---------+---------+-------
      Total |    7859 |    6539 |  45.4 |     191 |      62 |  24.5
            +---------+---------+-------+---------+---------+-------
        D:1 |      37 |       3 |   7.5 |      22 |       2 |   8.3
        D:2 |      60 |      44 |  42.3 |      15 |       4 |  21.1
        D:3 |     204 |      36 |  15.0 |      33 |       1 |   2.9
        D:4 |     472 |     380 |  44.6 |      15 |       7 |  31.8
        D:5 |     397 |     290 |  42.2 |      17 |       2 |  10.5
        D:6 |     525 |       0 |   0.0 |      10 |       0 |   0.0
        D:7 |    1272 |    1057 |  45.4 |      23 |       2 |   8.0
        D:8 |     723 |     434 |  37.5 |      15 |       1 |   6.2
        D:9 |    4169 |    3544 |  45.9 |      41 |      16 |  28.1
    Ossuary |       0 |     751 | 100.0 |       0 |      27 | 100.0
            +---------+---------+-------+---------+---------+-------
